 Dungeon Crawl Stone Soup version 0.30.1 (webtiles) character file.

Game seed: 273481865236213600

192154 GeoRichter the Warrior (level 17, -13/168 HPs)
             Began as a Black Draconian Brigand on July 7, 2023.
             Was the Champion of Nemelex Xobeh.
             Mangled by a merfolk impaler
             ... wielding a +2 trident of protection
              (14 damage)
             ... on level 4 of the Shoals.
             The game lasted 01:21:40 (37775 turns).

GeoRichter the Warrior (Black Draconian Brigand)   Turns: 37775, Time: 01:21:41

Health: -13/168    AC: 18    Str: 22    XL:     17   Next: 60%
Magic:  25/26      EV: 20    Int: 17    God:    Nemelex Xobeh [******]
Gold:   1580       SH: 15    Dex: 23    Spells: 16/23 levels left

rFire   + + .        a - +5 eveningstar (spect)
rCold   + + .        U - +2 shield of Resistance {rF++ rC++ Will++}
rNeg    . . .        (body armour unavailable)
rPois   +            j - +2 hat
rElec   +            W - +2 cloak {Will+}
rCorr   +            l - +2 pair of gloves {Str+3}
SInv    .            t - +0 pair of boots
Will    ++++.        J - amulet of Vitality {RegenMP++ Regen++}
Stlth   +++          r - ring of Rathraug {Wiz rC- rCorr Dex+7 Stlth-}
HPRegen 2.08/turn    x - ring of Feminadi {rPois rC+ Int+6 Stlth+}
MPRegen 1.00/turn

%: clarity, wizardry (x1)
@: wereblooded, flying
A: breathe lightning, AC +9, unfitting armour, big wings, electricity
resistance, cold-blooded, stinger 1, clarity, subdued magic 1
}: 1/15 runes: serpentine
a: Breathe Lightning, Renounce Religion, Draw Escape, Draw Destruction, Draw
Summoning, Draw Stack, Triple Draw, Deal Four, Stack Five


You were on level 4 of the Shoals.
You worshipped Nemelex Xobeh.
Nemelex Xobeh was exalted by your worship.
You visited 6 branches of the dungeon, and saw 28 of its levels.
You also visited: Gauntlet and Ice Cave.

You collected 3261 gold pieces.
You spent 1681 gold pieces at shops.

Inventory:

Hand Weapons
 a - a +5 spectral eveningstar (weapon)
   (You acquired it on level 12 of the Dungeon)
 b - the +7 broad axe "Fuabuziu" {venom, rElec rF+ Int+2 SInv}
   (You took it off a minotaur in a Gauntlet)

   Int:       It affects your intelligence (+2).
   rF:        It protects you from fire.
   rElec:     It insulates you from electricity.
   SInv:      It lets you see invisible.
Missiles
 d - 4 curare-tipped darts {!f}
 G - 3 throwing nets {!f}
Armour
 j - a +2 hat (worn)
   (You found it on level 1 of the Shoals)
 l - a +2 pair of gloves of strength (worn)
   (You found it on level 5 of the Lair of Beasts)
 t - a +0 pair of boots (worn)
   (You found it on level 3 of the Dungeon)
 U - the +2 shield of Resistance (worn) {rF++ rC++ Will++}
   (You bought it in a shop on level 1 of the Dungeon)

   rF:        It greatly protects you from fire.
   rC:        It greatly protects you from cold.
   Will:      It greatly increases your willpower.
 W - a +2 cloak of willpower (worn)
   (You found it on level 12 of the Dungeon)
Jewellery
 r - the ring of Rathraug (left hand) {Wiz rC- rCorr Dex+7 Stlth-}
   (You found it on level 4 of the Shoals)

   [ring of wizardry]

   It improves your spell success rate.
   Dex:       It affects your dexterity (+7).
   rC:        It makes you vulnerable to cold.
   rCorr:     It protects you from acid and corrosion.
   Stlth:     It makes you less stealthy.
 v - a +4 ring of protection
   (You found it on level 3 of the Dungeon)
 x - the ring of Feminadi (right hand) {rPois rC+ Int+6 Stlth+}
   (You found it on level 4 of the Snake Pit)

   [ring of intelligence]

   Int:       It affects your intelligence (+6).
   rC:        It protects you from cold.
   rPois:     It protects you from poison.
   Stlth:     It makes you more stealthy.
 J - the amulet of Vitality (around neck) {RegenMP++ Regen++}
   (You found it on level 2 of the Shoals)

   [amulet of magic regeneration]

   It increases your rate of magic regeneration.
   Regen:     It increases your rate of health regeneration.
 O - an amulet of reflection
   (You found it on level 8 of the Dungeon)
 X - a ring of protection from fire
   (You found it on level 3 of the Lair of Beasts)
Wands
 c - a wand of polymorph (13)
   (You found it on level 2 of the Snake Pit)
 u - a wand of roots (25) (quivered)
   (You took it off Natasha on level 3 of the Dungeon)
 y - a wand of flame (82)
   (You took it off Edmund on level 4 of the Dungeon)
 A - a wand of charming (4)
   (You took it off a hobgoblin on level 4 of the Dungeon)
 B - a wand of light (20)
   (You found it on level 5 of the Dungeon)
 V - a wand of mindburst (25)
   (You found it on level 5 of the Lair of Beasts)
Scrolls
 g - 2 scrolls of brand weapon
 m - 9 scrolls of teleportation {@r4}
 n - 2 scrolls of silence
 o - 4 scrolls of magic mapping
 q - 3 scrolls of vulnerability {!r}
 w - a scroll of torment {!r}
 z - 6 scrolls of identify {@r1}
 E - 3 scrolls of fog
 F - 4 scrolls of immolation {!r}
 I - a scroll of enchant armour
 K - 4 scrolls of amnesia
 L - 3 scrolls of noise {!r}
 Q - 6 scrolls of poison {!r}
 R - 4 scrolls of fear
 Z - a scroll of blinking
Potions
 e - 13 potions of curing {@q1}
 f - 5 potions of lignification {!q}
 h - 6 potions of attraction {!q}
 i - a potion of haste {@q3}
 k - 3 potions of magic
 p - 2 potions of invisibility
 s - 2 potions of heal wounds {@q2}
 C - 3 potions of berserk rage
 D - 3 potions of ambrosia
 H - 3 potions of cancellation
 M - 3 potions of mutation {!q}
 N - 3 potions of resistance
 T - a potion of brilliance
 Y - 7 potions of might
Miscellaneous
 P - a phial of floods
   (You found it on level 9 of the Dungeon)
 S - a lightning rod (4/4) {!a}
   (You found it on level 10 of the Dungeon)


   Skills:
 * Level 19.0 Fighting
 - Level 2.0 Short Blades
 - Level 16.0 Maces & Flails
 - Level 1.7 Throwing
 + Level 10.5 Dodging
 - Level 3.6 Stealth
 - Level 11.0 Shields
 + Level 3.8 Spellcasting
 * Level 5.2 Conjurations
 - Level 8.0 Transmutations
 - Level 13.0 Invocations
 - Level 6.0 Evocations


You had 16 spell levels left.
You knew the following spells:

 Your Spells              Type           Power      Damage    Failure   Level
a - Wereblood             Tmut           23%        N/A       1%          2
b - Irradiate             Conj/Tmut      9%         3d14      17%         5

Your spell library contained the following spells:

 Spells                   Type           Power      Damage    Failure   Level
 Beastly Appendage        Tmut           46%        N/A       1%          1
 Passwall                 Tmut/Erth      10%        N/A       2%          2
 Spider Form              Tmut/Pois      12%        N/A       5%          3
 Freeze                   Ice            8%         1d3       10%         1
 Sandblast                Erth           4%         2d4       10%         1
 Dazzling Flash           Conj/Hex       18%        N/A       10%         3
 Hailstorm                Conj/Ice       9%         3d4       10%         3
 Ignite Poison            Fire/Tmut/Pois 9%         N/A       10%         3
 Stone Arrow              Conj/Erth      18%        3d8       10%         3
 Blade Hands              Tmut           11%        N/A       10%         5
 Cigotuvi's Dreadful Rot  Necr/Pois/Air  4%         N/A       14%         2
 Sublimation of Blood     Necr           2%         N/A       14%         2
 Petrify                  Tmut/Erth      12%        N/A       19%         4
 Call Canine Familiar     Summ           2%         N/A       28%         3
 Frozen Ramparts          Ice            4%         1d1       28%         3
 Ozocubu's Armour         Ice            2%         N/A       28%         3
 Portal Projectile        Hex/Tloc       4%         N/A       28%         3
 Vampiric Draining        Necr           2%         2d6       28%         3
 Iskenderun's Battlesphe  Conj           16%        2d7       30%         5
 Dispel Undead            Necr           2%         3d7       65%         4
 Leda's Liquefaction      Hex/Erth       1%         N/A       65%         4
 Freezing Cloud           Conj/Ice/Air   3%         6-21      77%         5
 Agony                    Necr           2%         N/A       94%         5
 Metabolic Englaciation   Hex/Ice        1%         N/A       94%         5
 Silence                  Hex/Air        1%         N/A       94%         5
 Dragon Form              Tmut           11%        N/A       96%         7
 Iron Shot                Conj/Erth      4%         9d2       99%         6
 Simulacrum               Ice/Necr       1%         N/A       100%        6
 Spellforged Servitor     Conj/Summ      4%         N/A       100%        7
 Borgnjor's Revivificati  Necr           1%         N/A       100%        8


Dungeon Overview and Level Annotations

Branches:
Dungeon (12/15) Zot: 26043  Temple (1/1) D:6 Zot: 5792    Lair (5/5) D:11 Zot: 20678
 Shoals (4/4) Lair:2 Zot: 20352   Snake (4/4) Lair:2 Zot: 18142   Slime (0/5) Lair:5
    Orc (2/2) D:10 Zot: 9847     Elf (0/3) Orc:2         IceCv (visited)
Gauntlet (visited)

Altars:
Ashenzari
Cheibriados
Dithmenos
Elyvilon
Fedhas
Gozag
Hepliaklqana
Kikubaaqudgha
Makhleb
Nemelex Xobeh
Okawaru
Qazlal
Ru
Sif Muna
Trog
Uskayaw
Vehumet
Wu Jian
Xom
Yredelemnul
Zin
The Shining One

Shops:
D:1 [   Orc:2 [?*!   Shoals:4 ((   Snake:3 ?*[!

Annotations:
D:2 1 runed translucent door, Crazy Yiuf
D:3 2 transporters, Levsong's ghost, amateur MfVM
Lair:5 1 runed translucent door
Shoals:1 2 transporters, Loidof's ghost, adept MiFi


Innate Abilities, Weirdness & Mutations

You can breathe wild blasts of lightning.
Your glossy black scales are hard. (AC +9)
You cannot fit into any form of body armour.
Your large and strong wings let you fly.
You are resistant to electric shocks. (rElec)
You are cold-blooded and may be slowed by cold attacks.
Your tail ends in a venomous barb.
You possess an exceptional clarity of mind.
Your spells are a little easier to cast, but a little less powerful.


Message History

The merfolk impaler completely misses you.
The merfolk impaler barely misses you.
The merfolk impaler attacks as you move away!
The merfolk impaler closely misses you.
The merfolk javelineer attacks as you move away!
The merfolk javelineer hits you with a +4 spear of flaming.
The merfolk javelineer throws a javelin.
The javelin closely misses you.
The merfolk javelineer throws a javelin.
The javelin pierces through you but does no damage.
The merfolk impaler completely misses you.
The merfolk javelineer throws a silver javelin.
The silver javelin pierces through you! The silver sears you!
The merfolk impaler hits you from afar with a +1 trident of distortion!
Space warps horribly around you!
The merfolk javelineer throws a javelin.
The javelin pierces through you!
The merfolk impaler hits you from afar with a +0 trident!
The merfolk javelineer throws a javelin.
The javelin pierces through you! You block the merfolk impaler's attack.
There is an open door, spattered with blood here.
You see here a sea snake corpse.
Casting: Wereblood (safe; 1% risk of failure)
Confirm with . or Enter, or press ? or * to list all spells.
Your blood is freshly infused with primal strength!
The merfolk impaler hits you from afar with a +1 trident of distortion!
* * * LOW HITPOINT WARNING * * *
Space warps horribly around you!!
* * * LOW HITPOINT WARNING * * *
The merfolk impaler hits you but does no damage.
The merfolk impaler barely misses you.
The merfolk javelineer throws a silver javelin.
The silver javelin pierces through you!
* * * LOW HITPOINT WARNING * * *
The silver sears you!
* * * LOW HITPOINT WARNING * * *
The merfolk javelineer throws a javelin.
The javelin pierces through you!
* * * LOW HITPOINT WARNING * * *
You block the merfolk impaler's attack.
The merfolk javelineer throws a javelin.
The javelin pierces through you!!
* * * LOW HITPOINT WARNING * * *
The merfolk impaler hits you from afar with a +1 trident of distortion!
* * * LOW HITPOINT WARNING * * *
Space warps around you.
* * * LOW HITPOINT WARNING * * *
The merfolk impaler hits you from afar with a +2 trident of protection!
You die...
Your body glows with a rainbow of weird colours and disappears.

≈≈≈~.~~............~~~~~~~~~~~~
≈≈≈~~~.............~~~~~~~~~~~~
≈≈≈≈~~.............~~~.~.~~~~~~
≈≈≈≈~~....).........~~......~~~
≈≈≈≈≈~~..............~......~~~
≈≈≈≈≈~................~..#.~~≈~
≈≈≈≈~~~..=..........~.~~.#...~~
≈≈≈≈~~.~..~.........~..~.~~.<.~
≈≈≈≈≈~~~~~~~##@##..~~...~~~....
≈≈≈≈≈~~~~~~##mmm##)~~.....~....
≈≈≈≈≈≈≈≈~~~#~mSmm#~~...~~......
≈≈≈≈≈≈≈≈≈~~#~~m~~#~~~..~~......
≈≈≈≈≈≈≈≈≈~#??...#~~~~.~~......
≈≈≈≈≈≈≈≈≈##...##~~~~~~~..)...
#####~~~~~~~~~.....
≈≈≈≈~~~~~~~~..~~
≈≈≈≈≈~~~~~.~~~~~


You could see 4 merfolk impalers, 3 merfolk javelineers and a sea snake.

Vanquished Creatures
  Vashnia (Snake:4)
  A sphinx (Shoals:1)
  2 krakens
  Donald (Orc:2)
  An azure jelly (Lair:4)
  2 nagarajas (Snake:4)
  Aizul (Shoals:1)
  Azrael (Snake:1)
  Nessos (Lair:4)
  A minotaur (Lair:4)
  A bunyip (Shoals:1)
  An ettin (Lair:3)
  5 merfolk impalers
  A salamander tyrant (Snake:4)
  2 hydras
  2 boulder beetles
  10 anacondas
  3 merfolk avatars
  2 catoblepae (Lair:5)
  4 alligators (Shoals:1)
  4 death yaks
  3 two-headed ogres
  4 satyrs
  4 naga sharpshooters
  2 orc high priests (Orc:2)
  9 naga warriors
  Nergalle (D:10)
  8 shock serpents
  5 salamander mystics
  3 skysharks
  Amaemon (D:9)
  16 sea snakes
  7 naga ritualists
  Pikel (D:4)
  11 mana vipers
  3 orc knights
  24 harpies
  A glowing shapeshifter (Orc:2)
  An ugly thing (D:12)
  12 fauns
  16 salamanders
  11 manticores
  2 guardian serpents (Snake:4)
  5 cyclopes
  13 merfolk sirens
  10 naga magi
  7 water nymphs
  A torpor snail (Lair:4)
  An eye of devastation (Lair:4)
  A gargoyle (D:12)
  An orange demon (D:9)
  31 black mambas
  8 cane toads
  5 rime drakes
  A kobold demonologist (D:11)
  10 komodo dragons
  4 trolls
  8 polar bears
  3 meliai (Gauntlet)
  24 merfolk
  8 wind drakes
  6 hornets
  Grinder (D:5)
  8 blink frogs
  Prince Ribbit (D:4)
  11 snapping turtles
  10 dream sheep
  Sigmund (D:5)
  A jumping spider (Orc:2)
  13 spriggans
  26 yaks
  4 water elementals
  2 wyverns
  A human (D:12)
  3 fire elementals (Snake:1)
  A redback (Snake:4)
  A basilisk (Lair:3)
  4 steam dragons
  3 wraiths
  A death yak simulacrum (IceCv)
  31 nagas
  Edmund (D:4)
  Menkaure (D:5)
  2 wargs (D:12)
  A hell hound (Snake:1)
  2 acid dragons
  13 water moccasins
  Duvessa (D:4)
  28 orc warriors
  3 ice beasts
  4 black bears
  5 centaurs
  10 ogres
  5 boggarts
  2 lemures (D:4)
  21 wolves
  2 kobold brigands
  12 bullfrogs
  2 cane toad simulacra
  5 scorpions
  15 wights
  Dowan (D:4)
  15 killer bees
  2 elephant simulacra (Lair:3)
  3 howler monkeys
  4 electric eels
  3 lava snakes (Lair:2)
  7 hounds
  3 jellies
  27 orc priests
  4 iguanas
  Natasha (twice) (D:3)
  24 orc wizards
  2 spriggan simulacra (IceCv)
  3 polar bear simulacra
  16 gnolls
  14 adders
  3 white imps
  An ufetubus (D:6)
  4 worms
  77 orcs
  6 ball pythons
  4 bats
  9 endoplasms
  4 giant cockroaches
  9 goblins
  10 hobgoblins
  4 jackals (D:1)
  14 kobolds
  8 quokkas
  2 tentacles
882 creatures vanquished.

Vanquished Creatures (collateral kills)
  Jorgrun (Snake:1)
  A nagaraja (Snake:4)
  A minotaur (Gauntlet)
  A naga warrior (Snake:4)
  4 death yaks
  A naga sharpshooter (Snake:4)
  An orc high priest (Orc:2)
  A naga ritualist (Snake:4)
  An orc knight (Orc:2)
  A salamander (Snake:4)
  A cane toad (Lair:5)
  2 hornets (Lair:5)
  2 blink frogs (Lair:1)
  2 wargs (Orc:2)
  2 nagas (Snake:4)
  A water moccasin (Lair:5)
  6 orc warriors (Orc:2)
  3 ogres (Orc:2)
  A two-headed ogre simulacrum (IceCv)
  6 orc priests (Orc:2)
  Natasha (D:3)
  An orc wizard (Orc:2)
  A troll simulacrum (IceCv)
  An ufetubus (IceCv)
  14 orcs (Orc:2)
  A giant cockroach (D:3)
  A kobold (D:3)
  A rat (D:3)
60 creatures vanquished.

Vanquished Creatures (others)
  A hornet (Lair:2)
  5 spectral weapons
  14 tentacles
20 creatures vanquished.

Grand Total: 962 creatures vanquished

Notes
Turn   | Place    | Note
-------+----------+-------------------------------------------
     0 | D:1      | GeoRichter the Draconian Brigand began the quest for the
                  | Orb.
     0 | D:1      | Reached XP level 1. HP: 17/17 MP: 1/1
    26 | D:1      | Found a faded altar of an unknown god.
    71 | D:1      | Prayed at the altar of an unknown god.
    71 | D:1      | Became a worshipper of Nemelex Xobeh the Trickster
    71 | D:1      | Reached * piety under Nemelex Xobeh
    71 | D:1      | Received a gift from Nemelex Xobeh
    94 | D:1      | Found Xaucos's Armour Shop.
   230 | D:1      | Reached skill level 1 in Invocations
   237 | D:1      | Reached XP level 2. HP: 9/24 MP: 1/3
   619 | D:1      | Reached XP level 3. HP: 30/30 MP: 4/4
   934 | D:2      | Reached skill level 3 in Fighting
  1382 | D:2      | Reached ** piety under Nemelex Xobeh
  1550 | D:2      | Reached XP level 4. HP: 40/40 MP: 5/5
  1753 | D:2      | Found a runed translucent door.
  1754 | D:2      | Noticed Crazy Yiuf
  1935 | D:3      | Found a hide-covered altar of Uskayaw.
  1939 | D:3      | Noticed Levsong's ghost (amateur MfVM)
  1940 | D:3      | Found a transporter.
  1945 | D:3      | Found a transporter.
  2018 | D:3      | Found a basalt altar of Yredelemnul.
  2103 | D:3      | Reached skill level 4 in Fighting
  2295 | D:3      | Noticed Natasha
  2308 | D:3      | Killed Natasha
  2309 | D:3      | Reached skill level 5 in Fighting
  2309 | D:3      | Reached XP level 5. HP: 37/48 MP: 6/6
  2350 | D:3      | Found a large runed translucent door.
  2354 | D:3      | Found a large runed translucent door.
  2354 | D:3      | Found a shimmering altar of Xom.
  2434 | D:3      | Noticed Natasha
  2447 | D:3      | Killed Natasha
  2863 | D:3      | Noticed Natasha
  2871 | D:3      | Killed Natasha
  3410 | D:4      | Reached skill level 6 in Fighting
  3418 | D:4      | Noticed Edmund
  3425 | D:4      | Noticed Dowan
  3434 | D:4      | Noticed Duvessa
  3438 | D:4      | Killed Edmund
  3439 | D:4      | Reached XP level 6. HP: 32/58 MP: 7/7
  3580 | D:4      | Reached skill level 7 in Fighting
  3885 | D:4      | Your scales start taking on a glossy black colour.
  3885 | D:4      | Reached XP level 7. HP: 34/67 MP: 8/8
  3885 | D:4      | Gained mutation: You are resistant to electric shocks.
                  | (rElec) [Black Draconian growth]
  3899 | D:4      | Killed Dowan
  3900 | D:4      | Reached skill level 8 in Fighting
  4398 | D:3      | Reached skill level 1 in Maces & Flails
  4723 | D:4      | Killed Duvessa
  4931 | D:5      | Entered Level 5 of the Dungeon
  5108 | D:5      | Noticed Menkaure
  5113 | D:5      | Noticed Pikel
  5298 | D:5      | Noticed Prince Ribbit
  5315 | D:4      | Reached XP level 8. HP: 69/75 MP: 9/9
  5353 | D:4      | Killed Prince Ribbit
  5354 | D:4      | Reached skill level 5 in Maces & Flails
  6338 | D:4      | Killed Pikel
  6534 | D:5      | Killed Menkaure
  6816 | D:5      | Noticed Grinder
  6832 | D:5      | Killed Grinder
  6833 | D:5      | Reached XP level 9. HP: 82/82 MP: 10/10
  6959 | D:5      | Reached *** piety under Nemelex Xobeh
  6986 | D:5      | Noticed Sigmund
  6993 | D:5      | Killed Sigmund
  7078 | D:5      | Found an ornate altar of the Wu Jian Council.
  7140 | D:5      | Found a blossoming altar of Fedhas.
  7381 | D:6      | Reached skill level 10 in Maces & Flails
  7525 | D:6      | Received a gift from Nemelex Xobeh
  7733 | D:6      | Found a staircase to the Ecumenical Temple.
  7769 | Temple   | Entered the Ecumenical Temple
  8603 | D:7      | Reached **** piety under Nemelex Xobeh
  8632 | D:7      | Reached skill level 9 in Fighting
  8821 | D:7      | Received a gift from Nemelex Xobeh
  9109 | D:7      | Reached XP level 10. HP: 78/91 MP: 13/13
  9633 | D:8      | Received a gift from Nemelex Xobeh
 10066 | D:8      | Found a sparkling altar of Nemelex Xobeh.
 10166 | D:8      | Reached skill level 5 in Invocations
 10604 | D:9      | Received a gift from Nemelex Xobeh
 10992 | D:9      | Noticed a two-headed ogre
 10999 | D:9      | Killed a two-headed ogre
 11000 | D:9      | Reached skill level 10 in Fighting
 11506 | D:9      | Reached skill level 1 in Evocations
 11517 | D:9      | Noticed Amaemon
 11547 | D:9      | Killed Amaemon
 11716 | D:9      | Noticed an orange demon
 11730 | D:9      | Killed an orange demon
 11731 | D:9      | Reached XP level 11. HP: 97/101 MP: 15/15
 11962 | D:10     | Entered Level 10 of the Dungeon
 11962 | D:10     | Found a bloodstained altar of Trog.
 11993 | D:10     | Found a staircase to the Orcish Mines.
 12021 | D:10     | Noticed Nergalle
 12365 | D:10     | Received a gift from Nemelex Xobeh
 12373 | D:10     | Found a shimmering blue altar of Sif Muna.
 12401 | D:10     | Found an iron altar of Okawaru.
 12446 | D:10     | Killed Nergalle
 12533 | D:10     | Reached ***** piety under Nemelex Xobeh
 12611 | D:10     | Found a radiant altar of Vehumet.
 12784 | D:11     | Found a staircase to the Lair.
 13071 | D:11     | Reached skill level 11 in Fighting
 13104 | D:11     | Noticed a sixfirhy
 13108 | D:11     | a sixfirhy changed into an orange demon
 13698 | D:11     | Identified the +10 long sword of the Disturbing Shrikes
                  | {antimagic, rF+}
 13769 | Lair:1   | Entered Level 1 of the Lair of Beasts
 13795 | Lair:1   | Identified the ring "Baopuhol" {*Corrode Will+ Int+3 Dex+2}
 13930 | Lair:1   | Received a gift from Nemelex Xobeh
 13935 | Lair:1   | Noticed a five-headed hydra
 13971 | Lair:1   | Reached skill level 1 in Dodging
 13971 | Lair:1   | Killed a five-headed hydra
 13972 | Lair:1   | Reached skill level 1 in Shields
 14370 | Lair:1   | Reached XP level 12. HP: 54/110 MP: 16/16
 14374 | Lair:1   | Reached skill level 5 in Evocations
 15068 | Lair:2   | Received a gift from Nemelex Xobeh
 15139 | Lair:2   | Found a staircase to the Snake Pit.
 15611 | Lair:2   | Found a staircase to the Shoals.
 16268 | Lair:2   | Reached skill level 12 in Fighting
 16430 | Lair:2   | Received a gift from Nemelex Xobeh
 16937 | Lair:3   | Found a frozen archway.
 16994 | IceCv    | Entered an ice cave
 17002 | IceCv    | Reached skill level 15 in Maces & Flails
 17566 | D:1      | Bought the +2 shield of Resistance {rF++ rC++ Will++} for
                  | 846 gold pieces
 17566 | D:1      | Found the +2 shield of Resistance {rF++ rC++ Will++}
 17813 | Lair:3   | Received a gift from Nemelex Xobeh
 17820 | Lair:3   | Noticed a boulder beetle
 17826 | Lair:3   | a boulder beetle changed into an ettin
 17826 | Lair:3   | Noticed an ettin
 17836 | Lair:3   | Killed an ettin
 18165 | Lair:3   | Noticed a seven-headed hydra
 18174 | Lair:3   | Killed a seven-headed hydra
 18489 | Lair:3   | Received a gift from Nemelex Xobeh
 18873 | Lair:4   | Noticed Nessos
 18878 | Lair:4   | Killed Nessos
 19154 | Lair:4   | Noticed a boulder beetle
 19165 | Lair:4   | Killed a boulder beetle
 19166 | Lair:4   | Reached XP level 13. HP: 110/119 MP: 17/17
 19472 | Lair:4   | Received a gift from Nemelex Xobeh
 19733 | Lair:4   | Received a gift from Nemelex Xobeh
 19814 | Lair:5   | Entered Level 5 of the Lair of Beasts
 19820 | Lair:5   | Identified the +0 hand axe of Ascent {pain, Dex+2}
 19827 | Lair:5   | Identified the -1 hand axe of Zin's Generosity {protect,
                  | Drain +Blink rElec Str+2}
 19841 | Lair:4   | Reached skill level 5 in Shields
 20093 | Lair:5   | a death yak changed into a minotaur
 20093 | Lair:5   | Noticed a minotaur
 20093 | Lair:5   | a death yak changed into an azure jelly
 20093 | Lair:5   | Noticed an azure jelly
 20317 | Lair:4   | Killed an azure jelly
 20318 | Lair:4   | Reached skill level 13 in Fighting
 20880 | Lair:4   | Killed a minotaur
 21744 | Lair:5   | Reached ****** piety under Nemelex Xobeh
 21936 | Lair:4   | Reached skill level 5 in Dodging
 22748 | Lair:5   | Gained mutation: Your large and strong wings let you fly.
                  | [Black Draconian growth]
 22748 | Lair:5   | Reached XP level 14. HP: 44/130 MP: 20/20
 23305 | Lair:5   | Received a gift from Nemelex Xobeh
 23326 | Lair:5   | Found a runed translucent door.
 23327 | Lair:5   | Found a staircase to the Slime Pits.
 23327 | Lair:5   | Noticed an acid blob
 23327 | Lair:5   | Noticed an acid blob
 23327 | Lair:5   | Noticed an acid blob
 23847 | Orc:1    | Entered Level 1 of the Orcish Mines
 24016 | D:10     | Reached skill level 14 in Fighting
 24411 | Orc:2    | Entered Level 2 of the Orcish Mines
 24411 | Orc:2    | Found a gate leading to a gauntlet.
 24492 | Gauntlet | Entered a Gauntlet
 24492 | Gauntlet | Found a transporter.
 24492 | Gauntlet | Found a transporter.
 24492 | Gauntlet | Received a gift from Nemelex Xobeh
 24492 | Gauntlet | Found a transporter.
 24501 | Gauntlet | Found a transporter.
 24511 | Gauntlet | Found a transporter.
 24526 | Gauntlet | Found a transporter.
 24536 | Gauntlet | Found a transporter.
 24551 | Gauntlet | Found a transporter.
 24557 | Gauntlet | Found a transporter.
 24574 | Gauntlet | Found a transporter.
 24588 | Gauntlet | Found a transporter.
 24592 | Gauntlet | Found a transporter.
 24679 | Gauntlet | Identified the ring "Vauve" {rPois Int+3}
 24811 | Gauntlet | Got Lefuasir's Catalogue of the Cemetery
 24865 | Gauntlet | Identified the +7 broad axe "Fuabuziu" {venom, rElec rF+
                  | Int+2 SInv}
 24941 | Gauntlet | Got Archaps's Writings on Frost
 25314 | Orc:2    | Found a staircase to the Elven Halls.
 25398 | Orc:2    | Noticed Donald
 25408 | Orc:2    | Identified the +0 hand axe of Conflict {venom, rC++ Str-5}
 25413 | Orc:2    | Killed Donald
 26082 | Orc:2    | Reached skill level 10 in Shields
 26147 | Orc:2    | Gained mutation: You have hidden genetic defects. [a
                  | neqoxec]
 26162 | Orc:2    | Lost mutation: You have hidden genetic defects. [potion of
                  | mutation]
 26162 | Orc:2    | Gained mutation: You are vulnerable to cold. (rC-) [potion
                  | of mutation]
 26162 | Orc:2    | Gained mutation: You have a pair of small antennae on your
                  | head. [potion of mutation]
 26163 | Orc:2    | Lost mutation: You have a pair of small antennae on your
                  | head. [potion of mutation]
 26163 | Orc:2    | Lost mutation: You are vulnerable to cold. (rC-) [potion of
                  | mutation]
 26163 | Orc:2    | Gained mutation: Your spells are a little easier to cast,
                  | but a little less powerful. [potion of mutation]
 26163 | Orc:2    | Gained mutation: You occasionally lose the ability to drink
                  | potions when taking damage. [potion of mutation]
 26163 | Orc:2    | Gained mutation: You occasionally lose the ability to read
                  | scrolls when taking damage. [potion of mutation]
 26164 | Orc:2    | Lost mutation: You occasionally lose the ability to drink
                  | potions when taking damage. [potion of mutation]
 26164 | Orc:2    | Lost mutation: Your spells are a little easier to cast, but
                  | a little less powerful. [potion of mutation]
 26164 | Orc:2    | Lost mutation: You occasionally lose the ability to read
                  | scrolls when taking damage. [potion of mutation]
 26164 | Orc:2    | Gained mutation: You sometimes lose your temper in combat.
                  | [potion of mutation]
 26165 | Orc:2    | Lost mutation: You sometimes lose your temper in combat.
                  | [potion of mutation]
 26165 | Orc:2    | Gained mutation: You possess an exceptional clarity of
                  | mind. [potion of mutation]
 26165 | Orc:2    | Gained mutation: Your spells are a little easier to cast,
                  | but a little less powerful. [potion of mutation]
 26165 | Orc:2    | Gained mutation: Your tail ends in a venomous barb. [potion
                  | of mutation]
 26403 | Orc:2    | Received a gift from Nemelex Xobeh
 26413 | Orc:2    | Found Foleck's Distillery.
 26413 | Orc:2    | Found Lusub's Assorted Antiques.
 26414 | Orc:2    | Found Dirud's Magic Scroll Shoppe.
 26414 | Orc:2    | Found Mifoun's Armour Emporium.
 26421 | Orc:2    | Bought a potion of might for 56 gold pieces
 26421 | Orc:2    | Bought a potion of might for 56 gold pieces
 26421 | Orc:2    | Bought a potion of invisibility for 112 gold pieces
 26421 | Orc:2    | Bought a potion of heal wounds for 70 gold pieces
 26817 | Orc:1    | Found a shimmering blue altar of Sif Muna.
 26844 | Orc:1    | Received a gift from Nemelex Xobeh
 27419 | D:12     | Identified a scroll of acquirement
 27420 | D:12     | Acquired a +0 eveningstar of protection
 27460 | D:12     | Received a gift from Nemelex Xobeh
 27583 | D:12     | Noticed Lodul
 27585 | D:12     | Noticed Maurice
 27591 | D:12     | Lodul changed into Lodul the black bear
 27591 | D:12     | Noticed Lodul
 27591 | D:12     | Maurice changed into Maurice the boggart
 27591 | D:12     | Noticed Maurice
 27592 | D:12     | Killed Lodul the black bear
 27596 | D:12     | Killed Maurice the boggart
 27817 | D:12     | Received a gift from Nemelex Xobeh
 27862 | D:12     | Found an iron altar of Okawaru.
 28061 | Snake:1  | Entered Level 1 of the Snake Pit
 28188 | Snake:1  | Learned a level 2 spell: Wereblood
 28237 | Snake:1  | Received a gift from Nemelex Xobeh
 28267 | Snake:1  | Reached skill level 1 in Transmutations
 28275 | Snake:1  | Reached skill level 1 in Spellcasting
 28411 | Snake:1  | Reached skill level 10 in Invocations
 28941 | Snake:1  | Noticed Jorgrun
 28956 | Snake:1  | Killed Jorgrun
 28957 | Snake:1  | Reached skill level 15 in Fighting
 28957 | Snake:1  | Reached XP level 15. HP: 74/141 MP: 22/22
 29178 | Snake:1  | Received a gift from Nemelex Xobeh
 29517 | Snake:1  | Noticed Azrael
 29552 | Snake:1  | Killed Azrael
 30240 | Snake:2  | Received a gift from Nemelex Xobeh
 30706 | Snake:2  | Reached skill level 5 in Transmutations
 31088 | Snake:2  | Received a gift from Nemelex Xobeh
 31522 | Snake:3  | Found Cexeothroiri's General Store.
 31524 | Snake:3  | Found Yffur's Distillery.
 31524 | Snake:3  | Found Dulunuse's Magic Scroll Emporium.
 31529 | Snake:3  | Bought a potion of might for 64 gold pieces
 31529 | Snake:3  | Found Ucysch's Antique Armour Shoppe.
 31532 | Snake:3  | Bought a potion of heal wounds for 60 gold pieces
 31532 | Snake:3  | Bought 2 potions of mutation for 192 gold pieces
 31532 | Snake:3  | Bought a potion of resistance for 120 gold pieces
 31538 | Snake:3  | Bought a scroll of blinking for 105 gold pieces
 31603 | Snake:3  | Received a gift from Nemelex Xobeh
 32325 | Snake:4  | Entered Level 4 of the Snake Pit
 32690 | Snake:4  | Reached skill level 16 in Fighting
 32937 | Snake:4  | Noticed Vashnia
 32940 | Snake:4  | Reached XP level 16. HP: 104/151 MP: 15/24
 32947 | Snake:4  | Killed Vashnia
 33380 | Snake:4  | Got a serpentine rune of Zot
 33576 | Snake:4  | Identified the ring of Feminadi {rPois rC+ Int+6 Stlth+}
 34041 | Shoals:1 | Entered Level 1 of the Shoals
 34043 | Shoals:1 | Found a transporter.
 34081 | Shoals:1 | Received a gift from Nemelex Xobeh
 34187 | Shoals:1 | an alligator snapping turtle changed into a sphinx
 34187 | Shoals:1 | Noticed a sphinx
 34194 | Shoals:1 | Killed a sphinx
 34437 | Shoals:1 | Reached skill level 17 in Fighting
 34716 | Shoals:1 | Noticed Aizul
 34724 | Shoals:1 | Killed Aizul
 34833 | Shoals:1 | Found a transporter.
 34838 | Shoals:1 | Noticed Loidof's ghost (adept MiFi)
 34968 | Shoals:1 | Received a gift from Nemelex Xobeh
 35283 | Shoals:2 | Found the amulet of Vitality {RegenMP++ Regen++}
 35657 | Shoals:2 | Reached skill level 18 in Fighting
 35688 | Shoals:2 | Noticed a kraken
 35723 | Shoals:2 | Killed a kraken
 35753 | Shoals:2 | Reached XP level 17. HP: 161/163 MP: 26/26
 35778 | Shoals:2 | Reached skill level 10 in Dodging
 35792 | Shoals:2 | Learned a level 5 spell: Irradiate
 35980 | Shoals:2 | Reached skill level 1 in Conjurations
 36097 | Shoals:2 | Received a gift from Nemelex Xobeh
 36301 | Shoals:3 | Identified the ring "Ahagorpho" {+Blink EV+5 Dex+3}
 36334 | Shoals:3 | Noticed a kraken
 36348 | Shoals:3 | Killed a kraken
 36634 | Shoals:3 | Received a gift from Nemelex Xobeh
 37047 | Shoals:4 | Entered Level 4 of the Shoals
 37202 | Shoals:4 | Received a gift from Nemelex Xobeh
 37213 | Shoals:4 | Found Nysotat's Firing Range.
 37277 | Shoals:4 | Found Hianupot's Antique Weapon Shoppe.
 37404 | Shoals:4 | Got the Enchiridion on the Damned
 37488 | Shoals:4 | Identified the ring of Rathraug {Wiz rC- rCorr Dex+7
                  | Stlth-}
 37540 | Shoals:4 | Reached skill level 5 in Conjurations
 37632 | Shoals:4 | Reached skill level 19 in Fighting
 37719 | Shoals:4 | Received a gift from Nemelex Xobeh
 37775 | Shoals:4 | HP: 5/168 [merfolk impaler/+1 trident of distortion (8)]
 37775 | Shoals:4 | HP: 1/168 [merfolk impaler/+1 trident of distortion (4)]
 37775 | Shoals:4 | Mangled by a merfolk impaler

Illustrated notes

Levels and vault maps discovered:
D:1:      ldierk_walled_garden_2, layout_basic, serial_shops, shop,
          shapermc_ecumenical_altar_petra, roderic_lattice_a,
          minmay_crystal_room
D:2:      layout_basic, minmay_misc_feat_more_columns, grunt_ministairs_14,
          kennysheep_nub, minmay_pentomino_v2, uniq_crazy_yiuf_cottage
D:3:      due_chaos_kobolds, layout_basic,
          nicolae_uskayaw_murder_on_the_dancefloor, mainiacjoe_overflow_catwalk,
          gammafunk_ghost_mausoleum, minmay_misc_feat_nine_boxes, uniq_natasha
D:4:      layout_basic, uniq_duvessa, uniq_edmund
D:5:      layout_cave_pools, general_overflow_altar, fedhas_altar_fruit_tree,
          eino_tiny_chamber, uniq_prince_ribbit1, uniq_menkaure, uniq_sigmund,
          uniq_pikel, uniq_grinder
D:6:      layout_loops_corners, minmay_temple_entry_stoned_glass
D:7:      layout_basic, dreamdust_gnoll_farm
D:8:      layout_basic, mainiacjoe_overflow_concentric_impassable
D:9:      layout_rooms, uniq_amaemon
D:10:     layout_big_octagon, bloody_trog, vehumet_altar_wand_db,
          mainiacjoe_overflow_two_lobes, orc_0_dummy, uniq_nergalle
D:11:     layout_roguey, hellmonk_lair_entry_icy
D:12:     layout_gridville, hellmonk_okawaru_the_only_friend_you_need,
          uniq_maurice, uniq_lodul
Temple:   nicolae_temple_figure_eight
Lair:1:   layout_chaotic_city, nicolae_lair_grove_arrangements
Lair:2:   layout_regular_city, nicolae_shoals_entry_roost,
          nicolae_snake_entry_warm_welcome, serial_bayou_lagoon_b,
          grunt_megastairs_4, lemuel_fruit_fields
Lair:3:   layout_roguey, portal_ice_cave_entry_ice_simulacra, lemuel_fruit_tree
Lair:4:   layout_hall_layers, chequers_serial_rivers_micro_e, uniq_nessos
Lair:5:   minmay_lair_end_enchanted_forest, layout_loops_ring, slime_entry_2
Shoals:1: layout_shoals, gammafunk_ghost_berserking_beasts,
          nicolae_shoals_goliath_grotto, uniq_aizul
Shoals:2: layout_shoals, abandoned_shop
Shoals:3: nicolae_shoals_aurelia_aurita, layout_shoals
Shoals:4: shoals_end_simple, layout_shoals, serial_shops, shop,
          nicolae_shop_firing_range
Snake:1:  layout_grid_shapes, nicolae_snake_biting_tails, drop_trap,
          uniq_azrael, uniq_jorgrun
Snake:2:  layout_basic, nicolae_snake_bzzzt
Snake:3:  layout_layer_cave, minmay_shoptagon
Snake:4:  johnstein_snake_rune_scales, layout_cave_pods
Orc:1:    layout_caves, led_sif_book
Orc:2:    st_orc_pillars, layout_caves, gauntlet_entry_generic, uniq_donald

Skill      XL: |  1  2  3  4  5  6  7  8  9 10 11 12 13 14 15 16 17 |
---------------+----------------------------------------------------+-----
Invocations    | 1 2 4 6 8 10 11 13 | 13.0
Fighting       | 3 5 6 7 8 9 10 11 12 13 15 16 18 19 | 19.0
Maces & Flails | 4 8 11 12 14 15 16 | 16.0
Evocations     | 1 4 6 |  6.0
Dodging        | 2 3 5 7 9 10 | 10.5
Shields        | 2 4 8 11 | 11.0
Transmutations | 3 6 8 |  8.0
Spellcasting   | 2 3 |  3.8
Conjurations   | 5 |  5.2
Short Blades   | |  2.0
Throwing       | |  1.7
Stealth        | |  3.6

Action                     |  1- 3 |  4- 6 |  7- 9 | 10-12 | 13-15 | 16-18 || total
---------------------------+-------+-------+-------+-------+-------+-------++-------
  Melee: Dagger            |   109 |   178 |    69 |       |       |       ||   356
         Tailslap          |    10 |    22 |    57 |   155 |   201 |   105 ||   550
         Punch             |     1 |     2 |     3 |    12 |       |       ||    18
         Flail             |       |       |   292 |   253 |       |       ||   545
         Morningstar       |       |       |       |   597 |   567 |       ||  1164
         Broad axe         |       |       |       |       |   193 |       ||   193
         Eveningstar       |       |       |       |       |   388 |   463 ||   851
  Throw: Dart              |    15 |    27 |    26 |    66 |    55 |       ||   189
         Javelin           |       |       |    10 |     7 |       |       ||    17
   Cast: Wereblood         |       |       |       |       |     5 |    18 ||    23
 Invoke: Draw Destruction  |     1 |     3 |     1 |    17 |    27 |     7 ||    56
         Draw Summoning    |       |     1 |       |     4 |    15 |     2 ||    22
         Triple Draw       |       |       |       |     2 |       |       ||     2
         Draw Escape       |       |       |       |     1 |     3 |       ||     4
         Deal Four         |       |       |       |       |     2 |     2 ||     4
         Stack Five        |       |       |       |       |     1 |     1 ||     2
         Draw Stack        |       |       |       |       |       |     5 ||     5
Ability: Breathe Lightning |       |       |     6 |     4 |     5 |     2 ||    17
  Evoke: Wand              |       |     1 |     7 |    11 |     6 |     6 ||    31
         Lightning rod     |       |       |       |       |     7 |       ||     7
    Use: Scroll            |       |     2 |     4 |    11 |    25 |       ||    42
         Potion            |       |       |     4 |     5 |     9 |     2 ||    20
   Stab: Sleeping          |     6 |     3 |     5 |     7 |     6 |    12 ||    39
         Invisible         |       |       |     7 |     2 |     7 |       ||    16
         Distracted        |       |       |       |       |     7 |    19 ||    26
         Petrified         |       |       |       |       |     4 |       ||     4
 Armour: Skin              |    44 |    64 |   216 |   434 |   314 |   111 ||  1183
  Dodge: Dodged            |    53 |    70 |   226 |   417 |   353 |   205 ||  1324
  Block: Other             |       |       |       |   119 |       |       ||   119
         Reflection        |       |       |       |     4 |    51 |    20 ||    75
         Kite shield       |       |       |       |   135 |  1140 |   361 ||  1636
